 Dungeon Sprint DCSS version 0.21-a0-522-ga8338f0 (webtiles) character file.

963 Kidiri the Thaumaturge (level 7, -4/42 HPs)
             Began as a Deep Elf Fire Elementalist on Dec 6, 2017.
             Was a Believer of Vehumet.
             Slain by a shadow (30 damage)
             ... in the Dungeon (Sprint III: "The Ten Rune Challenge").
             The game lasted 00:02:55 (687 turns).

Kidiri the Thaumaturge (Deep Elf Fire Elementalist)  Turns: 687, Time: 00:02:56

Health: -4/42      AC:  4    Str:  5    XL:     7   Next: 92%
Magic:  18/25      EV: 16    Int: 22    God:    Vehumet [**....]
Gold:   44         SH:  0    Dex: 15    Spells: 14/32 levels left

rFire    . . .     SeeInvis .   t - +1 long sword (holy)
rCold    . . .     Gourm    .   (no shield)
rNeg     . . .     Faith    .   a - +0 robe
rPois    .         Spirit   .   (helmet restricted)
rElec    .         Reflect  .   (no cloak)
rCorr    .         Harm     .   (no gloves)
MR       +....     NoTele   +   (no boots)
Stlth    ++........             (no amulet)
HPRegen  0.14/turn              (no ring)
MPRegen  0.19/turn              (no ring)

@: no status effects
A: antennae 2, molten scales 1, magic resistance 1
a: Renounce Religion


You were in the Dungeon.
You worshipped Vehumet.
Vehumet was pleased with you.
You were not hungry.

You visited 1 branch You collected 44 gold pieces.

Inventory:

Hand Weapons
 b - a +0 dagger
 t - a +1 long sword of holy wrath (weapon)
Armour
 a - a +0 robe (worn)
Scrolls
 i - a scroll of blinking
 k - a scroll of enchant armour {unknown}
 m - a scroll of immolation {unknown}
 n - 4 scrolls of remove curse
 q - a scroll of torment {unknown}
 r - a scroll of identify {unknown}
Potions
 d - a potion of curing
 e - 3 potions of heal wounds
 f - a potion of haste
 g - 3 potions of magic
 h - a potion of berserk rage
 p - 4 potions of flight
Comestibles
 c - a bread ration
 j - 2 chunks of flesh
 o - 2 fruits
 s - a royal jelly


   Skills:
 + Level 3.9 Fighting
 + Level 4.4 Short Blades
 + Level 3.6 Armour
 + Level 6.5 Dodging
 - Level 2.4 Stealth
 * Level 13.2 Spellcasting
 + Level 7.9 Conjurations
 + Level 8.6 Fire Magic


You had 14 spell levels left.
You knew the following spells:

 Your Spells              Type           Power        Failure   Level  Hunger
a - Flame Tongue          Conj/Fire      #####        1%          1    None
b - Throw Flame           Conj/Fire      ######       1%          2    None
c - Conjure Flame         Conj/Fire      ######..     1%          3    None
d - Inner Flame           Hex/Fire       ####....     2%          3    None
e - Sticky Flame          Conj/Fire      ######..     1%          4    None
f - Fireball              Conj/Fire      ######....   4%          5    ###....


Dungeon Overview and Level Annotations

Branches:
Dungeon (1/1)

Altars:
Dithmenos
Elyvilon
Kikubaaqudgha
Okawaru
Ru
Sif Muna
Trog
Uskayaw
Vehumet
Wu Jian
Yredelemnul
Zin
The Shining One
Beogh


Innate Abilities, Weirdness & Mutations

You have a pair of antennae on your head.
You are partially covered in molten scales. (AC +2)
You are resistant to hostile enchantments. (MR+)


Message History

Confirm with . or Enter, or press ? or * to list all spells.
Aiming: Flame Tongue
Press: ? - help, Shift-Dir - straight line The flame tongue hits something.
Casting: Flame Tongue
Confirm with . or Enter, or press ? or * to list all spells.
You can't see any susceptible monsters within range! (Use Z to cast anyway.) Unknown command.
Casting: Flame Tongue
Confirm with . or Enter, or press ? or * to list all spells.
You can't see any susceptible monsters within range! (Use Z to cast anyway.) Unknown command.
Really walk into that cloud of flame?
Okay, then.
Really walk into that cloud of flame?
Okay, then.
You hit something but do no damage.
The shadow strikes at you from the darkness!
Ouch! That really hurt!
You die...

▓ ▓▓▓ ♣♣♣
♣.############ ..♣♣
♣♣.#___#___#__# ...♣
♣..#...#__)#._# {
.≈.♣♣♣..###+#+###+##
{
≈≈.♣♣.♣.#.......@§§#
{
≈≈≈.♣...'.⌠......{§#
≈≈≈≈≈♣♣.#...######§#
≈≈≈≈....#.⌠.# ..#
≈≈≈.....#...# ...#
≈.......#+### {#...#
........#.):# #..%+
÷.......#___# +...#
▓▓▓▓▓▓▓▓▓▓▓▓▓ ▓▓▓▓▓


There were no monsters in sight!

Vanquished Creatures
  A deep elf mage (D)
  A necrophage (D)
  A water elemental (D)
  A scorpion (D)
  A jelly (D)
  A necromancer (D)
  A wizard (D)
  3 humans (D)
  A kobold demonologist (D)
  An ooze (D)
  3 rats (D)
15 creatures vanquished.

Vanquished Creatures (others)
  2 draconian scorchers (D)
  6 hellions (D)
  2 yaktaurs (D)
  2 plants (D)
12 creatures vanquished.

Grand Total: 27 creatures vanquished

Notes
Turn   | Place    | Note
-------+----------+-------------------------------------------
     0 | D        | Kidiri the Deep Elf Fire Elementalist began the quest for the Orb.
     0 | D        | Reached XP level 1. HP: 10/10 MP: 6/6
    15 | D        | Reached skill level 4 in Spellcasting
   104 | D        | Noticed a scorpion
   111 | D        | Killed a scorpion
   111 | D        | Reached skill level 7 in Spellcasting
   111 | D        | Reached skill level 5 in Fire Magic
   111 | D        | Reached XP level 2. HP: 15/15 MP: 4/12
   111 | D        | Reached XP level 3. HP: 19/19 MP: 4/13
   114 | D        | Killed a hellion
   117 | D        | Learned a level 2 spell: Throw Flame
   121 | D        | Learned a level 3 spell: Conjure Flame
   125 | D        | Learned a level 3 spell: Inner Flame
   134 | D        | Killed a hellion
   134 | D        | Killed a hellion
   135 | D        | Killed a hellion
   135 | D        | Killed a hellion
   149 | D        | Killed a white draconian scorcher
   163 | D        | Killed a hellion
   184 | D        | Killed a white draconian scorcher
   201 | D        | Reached XP level 4. HP: 24/24 MP: 6/15
   207 | D        | Learned a level 4 spell: Sticky Flame
   268 | D        | Noticed a water elemental
   271 | D        | Killed a water elemental
   271 | D        | Reached skill level 9 in Spellcasting
   271 | D        | Reached skill level 5 in Conjurations
   271 | D        | Killed a yaktaur
   310 | D        | Killed a yaktaur
   320 | D        | Found a radiant altar of Vehumet.
   321 | D        | Found a deep blue altar of Sif Muna.
   321 | D        | Found an ancient bone altar of Kikubaaqudgha.
   321 | D        | Noticed a wizard
   322 | D        | Killed a wizard
   322 | D        | Reached skill level 10 in Spellcasting
   322 | D        | Reached XP level 5. HP: 28/28 MP: 13/19
   325 | D        | Noticed a hellwing
   337 | D        | Learned a level 5 spell: Fireball
   345 | D        | Became a worshipper of Vehumet
   398 | D        | Found a glowing silver altar of Zin.
   399 | D        | Found a glowing golden altar of the Shining One.
   399 | D        | Found a white marble altar of Elyvilon.
   399 | D        | Noticed a deep elf mage
   406 | D        | Killed a deep elf mage
   406 | D        | Reached skill level 5 in Dodging
   406 | D        | Reached skill level 12 in Spellcasting
   406 | D        | Reached XP level 6. HP: 36/36 MP: 8/23
   406 | D        | Reached XP level 7. HP: 40/40 MP: 8/24
   491 | D        | Found an ornate altar of the Wu Jian Council.
   491 | D        | Found a roughly hewn altar of Beogh.
   491 | D        | Found an iron altar of Okawaru.
   491 | D        | Found a bloodstained altar of Trog.
   491 | D        | Found a hide-covered altar of Uskayaw.
   491 | D        | Noticed a human
   491 | D        | Noticed a human
   497 | D        | Killed a human
   502 | D        | Killed a human
   502 | D        | Reached * piety under Vehumet
   502 | D        | Offered knowledge of Freeze by Vehumet.
   578 | D        | Gained mutation: You are frail. (-10% HP) [potion of mutation]
   578 | D        | Gained mutation: You can translocate small distances at will. [potion of mutation]
   579 | D        | Lost mutation: You are frail. (-10% HP) [potion of mutation]
   579 | D        | Lost mutation: You can translocate small distances at will. [potion of mutation]
   579 | D        | Gained mutation: You have large cloven feet. [potion of mutation]
   579 | D        | Gained mutation: Your spells are a little easier to cast, but a little less powerful. [potion of mutation]
   579 | D        | Gained mutation: You are partially covered in molten scales. (AC +2) [potion of mutation]
   579 | D        | Gained mutation: You have a pair of small antennae on your head. [potion of mutation]
   580 | D        | Lost mutation: You have large cloven feet. [potion of mutation]
   580 | D        | Lost mutation: Your spells are a little easier to cast, but a little less powerful. [potion of mutation]
   580 | D        | Gained mutation: You are resistant to hostile enchantments. (MR+) [potion of mutation]
   580 | D        | Gained mutation: You have a pair of antennae on your head. [potion of mutation]
   629 | D        | Found a basalt altar of Yredelemnul.
   629 | D        | Found a shadowy altar of Dithmenos.
   629 | D        | Found a sacrificial altar of Ru.
   634 | D        | Reached skill level 13 in Spellcasting
   681 | D        | Noticed a shadow
   683 | D        | Reached ** piety under Vehumet
   683 | D        | Offered knowledge of Sting by Vehumet.
   687 | D        | Slain by a shadow

Vault maps used:
D:        dungeon_sprint_mu

Skill      XL: |  1  2  3  4  5  6  7 |
---------------+----------------------+-----
Spellcasting   | 7 10 12 13 | 13.2
Conjurations   | 4 5 7 |  7.9
Fire Magic     | 5 6 8 |  8.6
Fighting       | 2 3 |  3.9
Short Blades   | 3 4 |  4.4
Armour         | 2 3 |  3.6
Dodging        | 5 6 |  6.5
Stealth        | |  2.4

Action                   |  1- 3 |  4- 6 |  7- 9 || total
-------------------------+-------+-------+-------++-------
Melee: Dagger            |       |     1 |       ||     1
       Long sword        |       |       |     2 ||     2
 Cast: Flame Tongue      |    16 |     9 |    10 ||    35
       Throw Flame       |     1 |       |       ||     1
       Sticky Flame      |       |     3 |     1 ||     4
       Conjure Flame     |       |     1 |     3 ||     4
       Inner Flame       |       |       |     3 ||     3
       Fireball          |       |       |     1 ||     1
  Use: Potion            |       |       |     3 ||     3
 Stab: Sleeping          |       |     1 |       ||     1
Armor: Robe              |       |     1 |       ||     1
Dodge: Dodged            |     3 |     3 |     1 ||     7
       Rpst.: Long sword |       |       |     1 ||     1

Table legend:
 A = Spawn XP
 B = Non-spawn XP
 C = Spawn XP percentage of total XP
 D = Spawn monster count
 E = Non-spawn monster count
 F = Spawn count percentage of total count
 G = Total turns spent on level
                    A         B        C        D         E        F      G
               +---------+---------+-------+---------+---------+-------+---------
         Total |       0 |    1376 |   0.0 |       0 |      15 |   0.0 |   687
               +---------+---------+-------+---------+---------+-------+---------
             D |       0 |    1376 |   0.0 |       0 |      15 |   0.0 |   687
               +---------+---------+-------+---------+---------+-------+---------
